 Dungeon Crawl Stone Soup version 0.28.0 (webtiles) character file.

Game seed: 11818633267479889201

8325 zeram the Cleaver (level 11, -1/99 HPs)
             Began as a Hill Orc Fighter on Feb 4, 2022.
             Was an Initiate of Yredelemnul.
             Slain by a five-headed hydra (4 damage)
             ... on level 1 of the Lair of Beasts.
             The game lasted 00:12:32 (12883 turns).

zeram the Cleaver (Hill Orc Fighter)               Turns: 12883, Time: 00:12:32

Health: -1/99      AC:  9    Str: 24    XL:     11   Next: 29%
Magic:  11/11      EV: 11    Int:  8    God:    Yredelemnul [......]
Gold:   704        SH: 10    Dex: 16    Spells: 10/10 levels left

rFire   . . .      SeeInvis +   z - +3 flail (vorpal)
rCold   . . .      Faith    .   G - +0 kite shield
rNeg    . . .      Spirit   .   b - +0 scale mail
rPois   .          Reflect  .   s - +2 helmet
rElec   .          Harm     .   p - +0 cloak
rCorr   .          Rampage  .   (no gloves)
Will    .....                   (no boots)
Stlth   ..........              (no amulet)
HPRegen 0.26/turn               C - +6 ring of dexterity
MPRegen 0.12/turn               t - ring of see invisible

@: corroded
A: no striking features
a: Renounce Religion, Recall Undead Harvest


You were on level 1 of the Lair of Beasts.
You worshipped Yredelemnul.
Yredelemnul was noncommittal.
You visited 2 branches of the dungeon, and saw 11 of its levels.

You collected 704 gold pieces.

Inventory:

Hand Weapons
 a - a +0 war axe
 z - a +3 vorpal flail (weapon)
Missiles
 w - 14 poisoned darts (quivered)
 y - 3 throwing nets
Armour
 b - a +0 scale mail (worn)
 c - a +0 buckler
 p - a +0 cloak (worn)
 s - a +2 helmet (worn)
 G - a +0 kite shield (worn)
Jewellery
 j - a ring of fire
 k - a ring of resist corrosion
 q - a ring of magical power
 t - a ring of see invisible (right hand)
 x - a ring of willpower
 C - a +6 ring of dexterity (left hand)
Wands
 B - a wand of flame (1)
 D - a wand of polymorph (2)
 K - a wand of iceblast (6)
Scrolls
 d - 2 scrolls of amnesia {unknown}
 f - 2 scrolls of blinking
 n - 2 scrolls of identify
 o - 8 scrolls of teleportation
 r - 2 scrolls of immolation {unknown}
 v - a scroll of enchant armour {unknown}
 A - 2 scrolls of fog
 H - a scroll of brand weapon {unknown}
 J - a scroll of enchant weapon {unknown}
Potions
 e - a potion of ambrosia {unknown}
 g - a potion of magic
 h - 2 potions of curing
 i - 2 potions of haste
 l - a potion of lignification {unknown}
 m - 2 potions of mutation {unknown}
 u - a potion of invisibility {unknown}
 E - a potion of brilliance {unknown}
 F - a potion of attraction {unknown}
 I - a potion of flight {unknown}


   Skills:
 + Level 9.7 Fighting
 + Level 14.0 Axes
 + Level 9.5 Armour
 + Level 4.5 Dodging
 + Level 6.7 Shields
 + Level 0.8 Evocations


You had 10 spell levels left.
You didn't know any spells.
Your spell library contained the following spells:

 Spells                   Type           Power      Damage    Failure   Level
 Shock                    Conj/Air       0%         1d3       94%         1
 Summon Small Mammal      Summ           0%         N/A       94%         1
 Call Canine Familiar     Summ           0%         N/A       100%        3
 Confusing Touch          Hex            0%         N/A       100%        3
 Portal Projectile        Hex/Tloc       0%         N/A       100%        3
 Summon Guardian Golem    Hex/Summ       0%         N/A       100%        3
 Swiftness                Air            0%         N/A       100%        3
 Airstrike                Air            0%         N/A       100%        4
 Leda's Liquefaction      Hex/Erth       0%         N/A       100%        4
 Yara's Violent Unravell  Hex/Tmut       0%         3d3       100%        5
 Enfeeble                 Hex            0%         N/A       100%        7


Dungeon Overview and Level Annotations

Branches:
Dungeon (10/15)            Temple (0/1) D:7            Lair (1/6) D:10
    Orc: D:9-12

Altars:
Gozag
Makhleb
Okawaru
Yredelemnul
Zin
The Shining One

Annotations:
D:4 2 transporters, lordive's ghost, amateur TeCj
D:5 2 transporters
D:8 1 transporter, hawla's ghost, novice DrCj
Lair:1 exclusion: oklob plant


Message History

The five-headed hydra bites you! The five-headed hydra bites you. x2
The five-headed hydra bites you but does no damage. x2
You hit the five-headed hydra.
The five-headed hydra is moderately wounded.
The five-headed hydra closely misses you.
You block the five-headed hydra's attack.
The five-headed hydra barely misses you.
The five-headed hydra bites you but does no damage.
The five-headed hydra closely misses you.
Okay, then.
You sock the five-headed hydra!
The five-headed hydra is heavily wounded.
The five-headed hydra bites you!
You block the five-headed hydra's attack.
The five-headed hydra bites you. x2
The five-headed hydra bites you but does no damage.
You hit the five-headed hydra.
The five-headed hydra is heavily wounded.
You block the five-headed hydra's attack. x3
The five-headed hydra bites you! The five-headed hydra bites you. x2
The five-headed hydra closely misses you.
The five-headed hydra bites you!
* * * LOW HITPOINT WARNING * * *
The five-headed hydra completely misses you.
The five-headed hydra closely misses you.
You thump the five-headed hydra!
The five-headed hydra is almost dead.
The five-headed hydra bites you!
* * * LOW HITPOINT WARNING * * *
The five-headed hydra closely misses you.
You block the five-headed hydra's attack. x2
The five-headed hydra closely misses you.
You hit the five-headed hydra.
The five-headed hydra is almost dead.
The five-headed hydra barely misses you.
The five-headed hydra bites you!
* * * LOW HITPOINT WARNING * * *
The five-headed hydra bites you.
You die...
Your body rises from the dead as a mindless zombie.

#...P## #.P.P.###
P..PP#P# ###
#....P.# ##.########
#PPP.P.# #..........
#P.P..# #..........
#.PP# #..........
#DP.####.........>
##@.P#.##.......<..
#PP..PP##..........
#P.PP.###..........
#P.P.P# #.........>
##....####.##P#P###P
#P....#.##.###### ##
#P#..P..##.##
#P#P....##..#
####P...##.P#


You could see a five-headed hydra.

Vanquished Creatures
  A deep elf pyromancer (D:9)
  An ugly thing (D:9)
  Psyche (D:8)
  A komodo dragon (Lair:1)
  A meliai (shapeshifter) (D:9)
  A troll (D:10)
  2 hornets
  4 yaks (D:8)
  2 vampire mosquitoes (D:10)
  Grum (D:9)
  2 acid dragons
  6 water moccasins
  A black bear (D:10)
  An ice beast (D:6)
  3 orc warriors
  2 sky beasts (D:7)
  An ogre (D:6)
  2 wolves (D:9)
  2 centaurs
  2 bullfrogs
  A gnoll sergeant (D:8)
  A scorpion (D:5)
  A wyvern zombie (D:7)
  A water moccasin zombie (D:6)
  3 killer bees (D:10)
  7 wights
  A howler monkey (D:7)
  3 centaur zombies
  2 orc priests
  A bullfrog skeleton (D:4)
  2 iguanas
  Terence (D:3)
  3 orc wizards
  2 killer bee zombies
  A hound zombie (D:5)
  Robin (D:4)
  3 gnolls (D:8)
  2 howler monkey skeletons
  5 adders
  A white imp (D:4)
  2 ufetubi
  A worm (D:2)
  22 orcs
  4 ball pythons
  2 endoplasms
  A giant cockroach (D:2)
  13 goblins
  10 hobgoblins
  4 jackals (D:2)
  A quokka (D:3)
  A bat (D:2)
  7 frilled lizards
  A hobgoblin zombie (D:4)
  10 kobolds
  A kobold zombie (D:4)
  An orc zombie (D:4)
  7 rats
167 creatures vanquished.

Vanquished Creatures (collateral kills)
  Harold (D:7)
  A vampire mosquito (D:10)
  A necrophage (D:6)
  3 centaurs
  2 phantoms
  A gnoll sergeant (D:9)
  2 bullfrogs (D:10)
  2 scorpions
  A killer bee (D:10)
  A wight (D:8)
  A shadow imp (D:6)
  An ufetubus (D:5)
  2 orcs
  A goblin (D:9)
  A hobgoblin (D:4)
21 creatures vanquished.

Vanquished Creatures (others)
  3 water moccasin zombies
  A yak zombie (D:8)
  2 wolf zombies (D:9)
  A centaur zombie (D:8)
  2 bullfrog zombies (D:10)
  A scorpion zombie (D:10)
  A howler monkey zombie (D:7)
  A ball python zombie (D:4)
  2 goblin zombies
  2 hobgoblin zombies (D:4)
  5 orc zombies
  A spectral ufetubus (D:5)
  38 fungi (D:10)
  50 plants
110 creatures vanquished.

Grand Total: 298 creatures vanquished

Notes
Turn   | Place    | Note
-------+----------+-------------------------------------------
     0 | D:1      | zeram the Hill Orc Fighter began the quest for the Orb.
     0 | D:1      | Reached XP level 1. HP: 19/19 MP: 1/1
   406 | D:1      | You fall into a shaft and drop 1 floor!
   454 | D:2      | Reached XP level 2. HP: 25/27 MP: 2/2
   699 | D:2      | Reached skill level 3 in Axes
   699 | D:2      | Reached XP level 3. HP: 33/33 MP: 3/3
   906 | D:2      | Found a faded altar of an unknown god.
  1635 | D:3      | Reached XP level 4. HP: 40/40 MP: 4/4
  1646 | D:3      | Noticed Terence
  1657 | D:3      | Killed Terence
  1659 | D:3      | Reached skill level 4 in Axes
  1845 | D:3      | Reached XP level 5. HP: 10/47 MP: 5/5
  2382 | D:3      | Found a basalt altar of Yredelemnul.
  2661 | D:3      | Became a worshipper of Yredelemnul the Dark
  3192 | D:4      | Found a transporter.
  3194 | D:4      | Noticed lordive's ghost (amateur TeCj)
  3198 | D:4      | Found a transporter.
  3205 | D:4      | Noticed Robin
  3502 | D:4      | Reached * piety under Yredelemnul
  3508 | D:4      | Killed Robin
  3726 | D:4      | Reached ** piety under Yredelemnul
  3763 | D:4      | Reached skill level 5 in Axes
  4132 | D:4      | Reached XP level 6. HP: 51/53 MP: 6/6
  4297 | D:5      | Entered Level 5 of the Dungeon
  4485 | D:5      | Reached skill level 1 in Dodging
  4517 | D:5      | Reached skill level 6 in Axes
  4523 | D:5      | Reached skill level 5 in Fighting
  4603 | D:5      | Found an opulent altar of Gozag.
  4718 | D:5      | Found a transporter.
  4737 | D:5      | Reached skill level 5 in Armour
  4737 | D:5      | Reached XP level 7. HP: 58/61 MP: 7/7
  4882 | D:5      | Found a transporter.
  4890 | D:5      | Noticed a fire bat
  4890 | D:5      | Noticed a fire bat
  4987 | D:5      | Reached skill level 7 in Axes
  5581 | D:6      | Reached skill level 8 in Axes
  5703 | D:6      | Reached XP level 8. HP: 60/70 MP: 8/8
  6480 | D:7      | Reached skill level 9 in Axes
  6657 | D:7      | Reached skill level 10 in Axes
  6657 | D:7      | Reached XP level 9. HP: 48/79 MP: 9/9
  7026 | D:7      | Found a glowing golden altar of the Shining One.
  7031 | D:7      | Noticed Harold
  7051 | D:7      | Killed Harold
  7052 | D:7      | Reached skill level 11 in Axes
  7281 | D:7      | Found a staircase to the Ecumenical Temple.
  7660 | D:8      | Found a glowing silver altar of Zin.
  7684 | D:8      | Noticed Psyche
  7697 | D:8      | Killed Psyche
  7698 | D:8      | Reached skill level 5 in Shields
  7711 | D:8      | Reached skill level 12 in Axes
  8049 | D:8      | Reached XP level 10. HP: 63/88 MP: 10/10
  8609 | D:8      | Found a transporter.
  8612 | D:8      | Noticed hawla's ghost (novice DrCj)
  8614 | D:8      | Identified the +9 giant spiked club "Vubir" {drain, rPois}
  8717 | D:8      | Found an iron altar of Okawaru.
  9360 | D:9      | Noticed Grum
  9378 | D:9      | Killed Grum
  9809 | D:9      | Noticed a brown ugly thing
  9811 | D:9      | Noticed an unseen horror
  9819 | D:9      | an unseen horror changed into a shapeshifter
  9822 | D:9      | Noticed a cane toad
  9822 | D:9      | a shapeshifter changed into a cane toad
  9831 | D:9      | a cane toad changed into a meliai
  9847 | D:9      | Killed a brown ugly thing
  9848 | D:9      | Reached skill level 13 in Axes
 10125 | D:9      | Noticed a deep elf pyromancer
 10592 | D:9      | Killed a deep elf pyromancer
 10823 | D:9      | Reached *** piety under Yredelemnul
 11641 | D:10     | Entered Level 10 of the Dungeon
 11791 | D:10     | Reached XP level 11. HP: 69/97 MP: 11/11
 12091 | D:10     | Noticed a sea snake
 12159 | D:10     | Found a staircase to the Lair.
 12366 | D:10     | Found a burning altar of Makhleb.
 12564 | Lair:1   | Entered Level 1 of the Lair of Beasts
 12576 | Lair:1   | Reached skill level 14 in Axes
 12871 | Lair:1   | Noticed an oklob plant
 12872 | Lair:1   | Noticed a five-headed hydra
 12883 | Lair:1   | HP: 3/99 [five-headed hydra (13)]
 12883 | Lair:1   | Slain by a five-headed hydra

Illustrated notes

Levels and vault maps discovered:
D:1:      minmay_arrival_glassed_features, layout_basic
D:2:      layout_loops_ring, ebering_ecumenical_altar_petrified,
          grunt_ministairs_5, minmay_pentomino_x4
D:3:      layout_basic, mainiacjoe_overflow_24_doors, hangedman_decor_push,
          serial_park_tiny_2, minmay_lizard_king, uniq_terence
D:4:      layout_cave_pods, gammafunk_ghost_mausoleum, grunt_decor_junction,
          uniq_robin
D:5:      gammafunk_cloud_chamber, layout_basic,
          mainiacjoe_overflow_tiny_flanked
D:6:      layout_basic, kennysheep_donut, minmay_misc_feat_encased
D:7:      layout_basic, nicolae_tso_carved_into_rock,
          minmay_temple_entry_overgrown, serial_aquarium, aquarium_bridge_square
          [aquarium_subvault_bridge, aquarium_subvault_bridge,
          aquarium_subvault_wall, aquarium_subvault_bridge], aquarium_window_1,
          aquarium_window_2, aquarium_window_corridor_1, aquarium_window_corner,
          aquarium_view_2g, aquarium_view_2g, aquarium_pool_2,
          grunt_ministairs_1, uniq_harold
D:8:      layout_loops_ring, nicolae_overflow_crystal_walls, zin_academy,
          gammafunk_ghost_smash, uniq_psyche
D:9:      layout_layer_cave, enter_bailey_3, minmay_fractal_squares_gapless_7,
          uniq_grum
D:10:     layout_basic, kennysheep_mini_moat, due_lair_maze_entry_diamond,
          serial_aquarium, aquarium_bridge_straight [aquarium_subvault_bridge,
          aquarium_subvault_window, aquarium_subvault_bridge,
          aquarium_subvault_balcony], aquarium_window_corner,
          aquarium_window_corridor_3, aquarium_window_1, aquarium_window_fake,
          aquarium_view_2g
Lair:1:   minmay_lair_oklob_tunnel, layout_big_grid,
          ebering_ghost_disaster_area, minmay_holes, uniq_joseph

Skill      XL: |  1  2  3  4  5  6  7  8  9 10 11 |
---------------+----------------------------------+-----
Fighting       | 4 5 7 8 9 |  9.7
Axes           | 3 4 5 6 8 10 12 13 14 | 14.0
Armour         | 4 5 6 7 9 |  9.5
Dodging        | 1 2 3 4 |  4.5
Shields        | 4 5 6 |  6.7
Evocations     | |  0.8

Action                   |  1- 3 |  4- 6 |  7- 9 | 10-12 || total
-------------------------+-------+-------+-------+-------++-------
Melee: War axe           |    94 |   140 |   168 |   260 ||   662
       Flail             |       |       |       |     7 ||     7
Evoke: Wand              |       |       |       |     2 ||     2
  Use: Scroll            |     4 |     3 |     2 |     1 ||    10
       Potion            |       |       |     1 |    11 ||    12
 Stab: Distracted        |       |       |     2 |     2 ||     4
Armor: Scale mail        |    45 |   107 |    61 |   118 ||   331
Dodge: Dodged            |    34 |    86 |    76 |   147 ||   343
Block: Buckler           |    17 |    49 |    36 |    39 ||   141
       Kite shield       |       |       |       |    54 ||    54
